 Dungeon Crawl Stone Soup version 0.30-a0-779-g7971cf19c3 (webtiles) character file.

Game seed: 6620413896361677460

252 Errthou the Chopper (level 5, -3/48 HPs)
             Began as a Minotaur Berserker on Feb 17, 2023.
             Was a Believer of Trog.
             Engulfed by a steam dragon's steam (4 damage)
             ... on level 4 of the Dungeon.
             The game lasted 00:04:50 (2302 turns).

Errthou the Chopper (Minotaur Berserker)            Turns: 2302, Time: 00:04:51

Health: -3/48      AC:  8    Str: 24    XL:     5   Next: 89%
Magic:  4/4        EV:  8    Int:  4    God:    Trog [**....]
Gold:   153        SH:  0    Dex:  9    Spells: 4/4 levels left

rFire   . . .      SeeInvis .    a - +0 hand axe
rCold   . . .      Faith    .    (no shield)
rNeg    . . .      Spirit   .    i - +0 chain mail
rPois   .          Reflect  .    (helmet restricted)
rElec   .          Harm     .    (no cloak)
rCorr   .          Rampage  .    (no gloves)
Will    ++...                    (no boots) Stlth
                                 (no amulet)
HPRegen 1.28/turn                (no ring)
MPRegen 0.09/turn                (no ring)

@: strong-willed, regenerating
A: horns 2, retaliatory headbutt
a: Renounce Religion, Berserk, Trog's Hand


You were on level 4 of the Dungeon.
You worshipped Trog.
Trog was pleased with you.
You visited 1 branch of the dungeon, and saw 4 of its levels.
You also visited: Sewer.

You collected 153 gold pieces.

Inventory:

Hand Weapons
 a - a +0 hand axe (weapon)
Armour
 i - a +0 chain mail (worn)
Jewellery
 n - an amulet of guardian spirit
 o - an amulet of faith
Wands
 l - a wand of light (8)
Scrolls
 c - 6 scrolls of identify {unknown}
 f - 2 scrolls of vulnerability {unknown}
 g - a scroll of teleportation {unknown}
 h - 3 scrolls of magic mapping {unknown}
 j - a scroll of fear {unknown}
Potions
 b - a potion of might {unknown}
 d - a potion of flight {unknown}
 e - a potion of lignification {unknown}
 k - 2 potions of cancellation {unknown}
 m - a potion of heal wounds {unknown}
 p - a potion of ambrosia {unknown}


   Skills:
 + Level 5.4 Fighting
 * Level 6.9 Axes
 - Level 2.4 Armour
 - Level 2.1 Dodging


You had 4 spell levels left.
You didn't know any spells.
Your spell library was empty.

Dungeon Overview and Level Annotations

Branches:
Dungeon (4/15)              Sewer (visited)
 Temple: D:4-7

Altars:


Innate Abilities, Weirdness & Mutations

You have a pair of horns on your head.
You reflexively headbutt those who attack you in melee.


Message History

There is an open door here.
You open the door.
There is an open door here.
An endoplasm comes into view.
The endoplasm quivers.
You hit the endoplasm.
The endoplasm is lightly wounded.
The endoplasm hits you but does no damage.
You barely miss the endoplasm. You headbutt the endoplasm.
The endoplasm is heavily wounded.
The endoplasm jiggles.
The endoplasm freezes you.
You are frozen.
You slash the endoplasm!
You kill the endoplasm!
Trog accepts your kill.
No target in view!
There is an open door, spattered with blood here.
Items here: )) ÷÷.
Done exploring.
Done exploring.
There is a stone staircase leading down here.
You climb downwards.
There is a stone staircase leading up here.
A steam dragon comes into view.
Found 13 gold pieces.
The steam dragon hisses angrily.
The steam dragon breathes steam at you. The ball of steam hits you!!
The steam dragon moves out of view.
You are engulfed in a cloud of scalding steam.
Really walk into that cloud of steam?
Okay, then.
Your skin crawls.
You feel strong-willed. The steam dragon breathes steam at you.
The ball of steam hits you!!
* * * LOW HITPOINT WARNING * * *
You hear an angry hiss.
You hear a shout!
You are engulfed in a cloud of scalding steam.
You die...

............
$..........
D§........
§........
#D.......
##§.......
#§§§......
###§§......
#..@.......
......§§..##...
#.....##..# ..
####.. .... .
#.. ..##. ..
### # ##.


There were no monsters in sight!

Vanquished Creatures
  A water moccasin (Sewer)
  4 adders
  4 gnolls (D:3)
  A dart slug (D:2)
  5 orcs (D:3)
  5 ball pythons
  5 endoplasms
  6 giant cockroaches (D:3)
  A goblin (D:1)
  A hobgoblin (D:1)
  5 jackals
  7 quokkas
  2 bats
  4 frilled lizards
  4 kobolds
  9 rats
64 creatures vanquished.

Notes
Turn   | Place    | Note
-------+----------+-------------------------------------------
     0 | D:1      | Errthou the Minotaur Berserker began the quest for the Orb.
     0 | D:1      | Reached XP level 1. HP: 19/19 MP: 0/0
   141 | D:1      | Found a faded altar of an unknown god.
   427 | D:1      | Reached skill level 4 in Axes
   558 | D:1      | Reached XP level 2. HP: 23/27 MP: 1/1
   919 | D:2      | Identified the +7 dagger of Judeygue {heavy, rElec}
   986 | D:2      | Reached XP level 3. HP: 33/33 MP: 2/2
  1140 | D:2      | Reached ** piety under Trog
  1141 | D:2      | Reached skill level 5 in Axes
  1394 | D:3      | Reached XP level 4. HP: 41/41 MP: 3/3
  1414 | D:3      | Found a glowing drain.
  1427 | Sewer    | Entered a sewer
  1489 | Sewer    | Noticed a water moccasin
  1500 | Sewer    | Killed a water moccasin
  1501 | Sewer    | Reached skill level 5 in Fighting
  1501 | Sewer    | Reached skill level 6 in Axes
  1501 | Sewer    | Reached XP level 5. HP: 48/48 MP: 4/4
  2298 | D:4      | Noticed a steam dragon
  2301 | D:4      | HP: 1/48 [something/ball of steam (18)]
  2302 | D:4      | Engulfed by a steam dragon's steam

Illustrated notes

Levels and vault maps discovered:
D:1:      saegor_arrival_simple_e, layout_basic,
          chequers_ecumenical_altar_simple, serial_bayou_lake_a
D:2:      layout_rooms, dk_noncrumbling_3, minmay_tiny_reverse_x
D:3:      layout_basic, portal_sewer_entry_f
D:4:      layout_cave_pools, minmay_quantized

Skill      XL: |  1  2  3  4 |
---------------+-------------+-----
Axes           | 4 5 6 |  6.9
Fighting       | 4 5 |  5.4
Armour         | |  2.4
Dodging        | |  2.1

Action                     |  1- 3 |  4- 6 || total
---------------------------+-------+-------++-------
  Melee: Hand axe          |    86 |    78 ||   164
         Headbutt          |    11 |    12 ||    23
 Invoke: Berserk           |       |     1 ||     1
         Trog's Hand       |       |     3 ||     3
   Stab: Sleeping          |     2 |       ||     2
 Armour: Animal skin       |    14 |       ||    14
         Chain mail        |    14 |    27 ||    41
  Dodge: Dodged            |    51 |    46 ||    97

Table legend: (Time is in decaauts)
 A = Elapsed time spent in this place.
 B = Non-inter-level travel time spent in this place.
 C = Inter-level travel time spent in this place.
 D = Time resting spent in this place.
 E = Time spent auto-exploring this place.
 F = Levels seen in this place.
 G = Mean time per level.
                   A        B        C        D        E       F      G
               +--------+--------+--------+--------+--------+-----+--------+
         Total |   2344 |   2299 |     45 |    115 |   1753 |   5 |  468.8 |
       Dungeon |   2184 |   2139 |     45 |     85 |   1671 |   4 |  546.0 |
         Sewer |    159 |    159 |      0 |     30 |     81 |   1 |  159.0 |
               +--------+--------+--------+--------+--------+-----+--------+

Top non-repeatable levels by time:
     D:1: 860 daAuts
     D:3: 794 daAuts
     D:2: 522 daAuts
   Sewer: 159 daAuts
     D:4: 6 daAuts
